 Dungeon Crawl Stone Soup version 0.18-a0-960-g77c8fc5 (webtiles) character file.

155 M4edhros the Sneak (level 5, -2/33 HPs)
             Began as an Octopode Artificer on Dec 31, 2015.
             Was an Initiate of Okawaru.
             Slain by a white imp (5 damage)
             ... summoned by Natasha
             ... on level 3 of the Dungeon.
             The game lasted 00:02:39 (1745 turns).

M4edhros the Sneak (Octopode Artificer)             Turns: 1745, Time: 00:02:40

Health: -2/33      AC:  3    Str: 11    XL:     5   Next: 37%
Magic:  7/7        EV: 13    Int: 15    God:    Okawaru [......]
Gold:   97         SH:  0    Dex: 12    Spells: 0 memorised, 4 levels left

rFire  . . .     SeeInvis .     a - +0 short sword
rCold  . . .     Gourm    .     (no shield)
rNeg   . . .     Faith    +     m - +2 hat
rPois  .         Spirit   .     p - amulet of faith
rElec  .         Dismiss  .     (no ring)
rCorr  .         Reflect  .     (no ring)
SustAt .         Harm     .     (no ring)
MR     .....                    (no ring)
Stlth  ++++......               (no ring)
                                (no ring)
                                (no ring)
                                (no ring)

@: not resistant to hostile enchantments, stealthy
A: almost no armour, amphibious, 8 rings, constrict 8, camouflage 1, gelatinous
body 1
a: Renounce Religion


You were on level 3 of the Dungeon.
You worshipped Okawaru.
Okawaru was noncommittal.
You were hungry.

You visited 1 branch of the dungeon, and saw 3 of its levels.

You collected 97 gold pieces.

Inventory:

Hand Weapons
 a - a +0 short sword (weapon)
 e - a +0 hunting sling
Missiles
 h - 6 poisoned sling bullets
 i - 21 sling bullets
 l - 47 stones (quivered)
 o - a throwing net
Armour
 m - a +2 hat (worn)
Jewellery
 p - an amulet of faith (around mantle)
Wands
 b - a wand of flame (14/48)
 c - a wand of enslavement (14/24)
 d - a wand of random effects (15/48)
Scrolls
 j - a scroll of teleportation
 n - a scroll of fear {unknown}
 r - a scroll of enchant armour {unknown}
 s - a scroll of recharging {unknown}
 t - a scroll of immolation {unknown}
Potions
 q - a potion of heal wounds {unknown}
Comestibles
 f - 2 bread rations
 g - 3 fruits
 k - a meat ration


   Skills:
 - Level 1.0 Fighting
 - Level 1.0 Short Blades
 * Level 1.8 Slings
 * Level 3.4 Dodging
 * Level 4.3 Stealth
 + Level 3.8 Evocations


You had 4 spell levels left.
You didn't know any spells.

Dungeon Overview and Level Annotations

Branches:
Dungeon (3/15)

Altars:
Cheibriados
Fedhas
Makhleb
Okawaru
Vehumet

Annotations:
D:3 Natasha


Innate Abilities, Weirdness & Mutations

You cannot wear most types of armour.
You are amphibious.
You can wear up to eight rings at the same time.
You can use your tentacles to constrict eight enemies at once.
Your skin changes colour to match your surroundings (Stealth).
Your rubbery body absorbs attacks (AC +1).


Message History

Your grab misses Natasha. Natasha closely misses you.
You barely miss Natasha. Your grab misses Natasha. Your squeeze misses Natasha.
Natasha claws you.
You hit Natasha. You grab Natasha. You squeeze Natasha.
Natasha is heavily wounded.
You constrict Natasha.
Natasha mumbles some strange words.
You barely miss Natasha. You squeeze Natasha.
Natasha is severely wounded.
You constrict Natasha. Natasha claws you!
You hit Natasha.
Natasha is almost dead.
You constrict Natasha. Natasha casts a spell at you. The magic dart hits you!
* * * LOW HITPOINT WARNING * * *
The white imp hits you.
* * * LOW HITPOINT WARNING * * *
The white imp freezes you.
You die...

...........(...............,,,,,,
.........#..#..............*****,
.........#..รท..####.####..*****,,
...........#...# ##.# #..,,,,,,#
#########.##...###..# #.#*****.#
*...##...##...# #.######.#
#.####......#.####.##......
**#........................#*
*,...###....@5...........###
**.,*** ####..h.?.....#..##
***,,** #######.####..#### *,,,,*
#.# #.....## *,**** #.# *#.###...
*** ****#.#*#.)# #### *,,,.......#
*,,,,......# *,,........#


You could see Natasha and a white imp.

Vanquished Creatures
  Ijyb (D:2)
  Natasha (twice) (D:3)
  3 adders (D:3)
  2 oozes (D:1)
  A giant gecko (D:2)
  5 bats
  2 giant cockroaches
  6 goblins
  4 hobgoblins
  3 jackals
  2 quokkas (D:3)
  6 giant newts
  A jackal skeleton (D:3)
  4 kobolds
  5 rats
47 creatures vanquished.

Notes
Turn   | Place    | Note
--------------------------------------------------------------
     0 | D:1      | M4edhros the Octopode Artificer began the quest for the Orb.
     0 | D:1      | Reached XP level 1. HP: 13/13 MP: 3/3
    77 | D:1      | Reached XP level 2. HP: 8/18 MP: 4/4
   596 | D:1      | Reached XP level 3. HP: 23/23 MP: 5/5
   921 | D:2      | Noticed Ijyb
   934 | D:2      | Killed Ijyb
   934 | D:2      | Reached skill level 1 in Slings
   983 | D:3      | Reached XP level 4. HP: 28/28 MP: 6/6
  1004 | D:3      | Found a snail-covered altar of Cheibriados.
  1004 | D:3      | Found a burning altar of Makhleb.
  1009 | D:3      | Found a blossoming altar of Fedhas.
  1021 | D:3      | Found a radiant altar of Vehumet.
  1024 | D:3      | Found an iron altar of Okawaru.
  1044 | D:3      | Became a worshipper of Warmaster Okawaru
  1541 | D:3      | Noticed Natasha
  1550 | D:3      | Killed Natasha
  1550 | D:3      | Reached skill level 4 in Stealth
  1550 | D:3      | Reached XP level 5. HP: 27/33 MP: 7/7
  1688 | D:3      | Noticed Natasha
  1698 | D:3      | Killed Natasha
  1737 | D:3      | Noticed Natasha
  1745 | D:3      | Slain by a white imp

Vault maps used:
D:1:      lemuel_arrival_tunnels, st_stairs_12, dk_noncrumbling_4,
          serial_park_tiny_2
D:2:      uniq_iyjb
D:3:      minmay_overflow_temple_star_hex, grunt_ministairs_10,
          nicolae_dithmenos_through_a_glass_darkly, uniq_jessica, uniq_natasha

Action                   |  1- 3 |  4- 6 || total
-------------------------+-------+-------++-------
Melee: Short sword       |    51 |    59 ||   110
Evoke: Wand              |       |     2 ||     2
  Use: Scroll            |       |     5 ||     5
 Stab: Sleeping          |     9 |     3 ||    12
  Eat: Chunk             |       |     2 ||     2
